 Dungeon Sprint DCSS version 0.19-a0-1071-g4ed3155 (webtiles) character file.

1238 Shrawl the Carver (level 8, -2/67 HPs)
             Began as a Demonspawn Fighter on Aug 5, 2016.
             Was an Elder of Cheibriados.
             Shot with an arrow by a centaur warrior (14 damage)
             ... in the Dungeon (Sprint IX: "|||||||||||||||||||||||||||||").
             The game lasted 00:01:24 (394 turns).

Shrawl the Carver (Demonspawn Fighter)               Turns: 394, Time: 00:01:25

Health: -2/67      AC: 13    Str: 25    XL:     8   Next: 25%
Magic:  11/14      EV: 15    Int: 22    God:    Cheibriados [****..]
Gold:   0          SH: 13    Dex: 29    Spells: 0 memorised, 7 levels left

rFire  . . .     SeeInvis .     o - +2 scimitar of Bloody Death {flame, rPois}
rCold  . . .     Gourm    .     q - +1 chain mail
rNeg   . . .     Faith    .     c - +0 shield
rPois  +         Spirit   .     (helmet restricted)
rElec  .         Dismiss  .     (no cloak)
rCorr  .         Reflect  .     (no gloves)
SustAt .         Harm     .     (no boots)
MR     .....     NoTele   +     (no amulet)
Stlth  ++........               s - +2 ring of protection
                                r - +3 ring of intelligence

@: agile, very slightly contaminated, invisible, very slow
A: horns 1, nightstalker 2, powered by pain 1
a: Bend Time, Temporal Distortion, Slouch, Renounce Religion


You were in the Dungeon.
You worshipped Cheibriados.
Cheibriados was greatly pleased with you.
You were not hungry.

You visited 1 branch

Inventory:

Hand Weapons
 a - a +0 long sword
 o - the +2 scimitar of Bloody Death (weapon) {flame, rPois}
   (You found it in the Dungeon)

   It has been specially enchanted to burn those struck by it, causing extra
   injury to most foes and up to half again as much damage against particularly
   susceptible opponents.
   Big, fiery blades are also staple armaments of hydra-hunters.
   It protects you from poison.
Armour
 b - a +0 scale mail
 c - a +0 shield (worn)
 p - a +0 helmet
 q - a +1 chain mail (worn)
Jewellery
 r - a +3 ring of intelligence (left hand)
 s - a +2 ring of protection (right hand)
Wands
 n - a wand of lightning (0/15)
Scrolls
 k - 2 scrolls of blinking
 l - 3 scrolls of remove curse
 m - 2 scrolls of amnesia
Potions
 d - a potion of might
 e - 5 potions of curing
 g - 3 potions of heal wounds
 h - a potion of haste
 i - 4 potions of magic
Comestibles
 f - a bread ration
 t - 2 chunks of flesh


   Skills:
 + Level 7.0 Fighting
 + Level 10.5 Long Blades
 + Level 7.6 Armour
 + Level 3.9 Dodging
 + Level 6.6 Shields
 * Level 8.7 Invocations


You had 7 spell levels left.
You didn't know any spells.

Dungeon Overview and Level Annotations

Branches:
Dungeon (1/1)

Altars:
Cheibriados
Dithmenos
Elyvilon
Fedhas
Gozag
Hepliaklqana
Kikubaaqudgha
Makhleb
Nemelex Xobeh
Okawaru
Pakellas
Qazlal
Ru
Sif Muna
Trog
Uskayaw
Vehumet
Xom
Yredelemnul
Zin
The Shining One
Beogh
Jiyva
Lugonu


Innate Abilities, Weirdness & Mutations

You have a pair of small horns on your head.
You are significantly more attuned to the shadows.
You sometimes gain a little power by taking damage.


Message History

Cheibriados raises the support of your attributes as your movement slows.
Your Armour skill increases to level 7!
Your Shields skill increases to level 6!
Your Invocations skill increases to level 8!
You have reached level 8!
You feel clever.
Your demonic ancestry asserts itself...
You slip further into the darkness.
You fade into invisibility!
You block the troll's attack. The troll claws you.
* * * LOW HITPOINT WARNING * * *
The troll barely misses you.
The centaur warrior wields a shortbow.
The centaur warrior shoots an arrow.
The arrow hits the troll!
You are very lightly contaminated with residual magic.
You catch the helpless troll completely off-guard!
You slash the troll! You burn the troll.
You kill the troll!
Cheibriados appreciates the change of pace.
Your Fighting skill increases to level 7!
The centaur warrior shoots an arrow.
The arrow hits you!
You die... ▓▓▓▓▓▓▓▓▓▓▓▓▓▓▓▓▓▓▓▓▓▓▓▓ '..|)[....)÷....@(c†..†. ▓▓▓▓▓▓▓▓▓▓▓▓▓▓▓▓▓▓▓▓▓▓▓▓

You could see a centaur warrior.

Vanquished Creatures
  A black mamba (shapeshifter) (D)
  A troll (D)
  2 wyverns (D)
  An orc warrior (D)
  An ogre (D)
  A centaur (D)
  A scorpion (D)
  A howler monkey (D)
  A hound (D)
  2 worker ants (D)
  A giant gecko (D)
  An orc (D)
  2 bat skeletons (D)
  A goblin (D)
  A hobgoblin (D)
  A jackal (D)
  A kobold (D)
  A quokka (D)
21 creatures vanquished.

Notes
Turn   | Place    | Note
-------+----------+-------------------------------------------
     0 | D        | Shrawl the Demonspawn Fighter began the quest for the Orb.
     0 | D        | Reached XP level 1. HP: 18/18 MP: 1/1
     8 | D        | Reached skill level 2 in Long Blades
    11 | D        | Reached skill level 3 in Long Blades
   100 | D        | Noticed a worker ant
   100 | D        | Noticed an ogre
   108 | D        | Reached skill level 4 in Long Blades
   108 | D        | Gained mutation: You have a pair of small horns on your head. [demonic ancestry]
   108 | D        | Reached XP level 2. HP: 21/24 MP: 2/2
   113 | D        | Reached skill level 6 in Long Blades
   113 | D        | Reached XP level 3. HP: 29/29 MP: 3/3
   118 | D        | Killed an ogre
   118 | D        | Reached skill level 9 in Long Blades
   118 | D        | Reached XP level 4. HP: 35/35 MP: 4/4
   130 | D        | Found a glowing silver altar of Zin.
   130 | D        | Found a glowing golden altar of the Shining One.
   130 | D        | Found an ancient bone altar of Kikubaaqudgha.
   130 | D        | Found a basalt altar of Yredelemnul.
   130 | D        | Found a shimmering altar of Xom.
   130 | D        | Found a radiant altar of Vehumet.
   131 | D        | Found an iron altar of Okawaru.
   132 | D        | Found a burning altar of Makhleb.
   133 | D        | Found a deep blue altar of Sif Muna.
   134 | D        | Found a bloodstained altar of Trog.
   135 | D        | Found a sparkling altar of Nemelex Xobeh.
   136 | D        | Found a white marble altar of Elyvilon.
   137 | D        | Found a roughly hewn altar of Beogh.
   138 | D        | Found a viscous altar of Jiyva.
   139 | D        | Found a corrupted altar of Lugonu.
   140 | D        | Found a blossoming altar of Fedhas.
   141 | D        | Found a snail-covered altar of Cheibriados.
   142 | D        | Found a shadowy altar of Dithmenos.
   143 | D        | Found a stormy altar of Qazlal.
   144 | D        | Found an opulent altar of Gozag.
   145 | D        | Found a sacrificial altar of Ru.
   146 | D        | Found an oddly glowing altar of Pakellas.
   147 | D        | Found a hide-covered altar of Uskayaw.
   148 | D        | Found a hazy altar of Hepliaklqana.
   149 | D        | Became a worshipper of Cheibriados the Contemplative
   166 | D        | Got the +2 scimitar of Bloody Death {flame, rPois}
   189 | D        | Noticed a centaur
   189 | D        | Noticed a wyvern
   195 | D        | Killed a centaur
   195 | D        | Reached skill level 1 in Dodging
   195 | D        | Reached XP level 5. HP: 28/42 MP: 4/7
   209 | D        | Reached * piety under Cheibriados
   217 | D        | Killed a wyvern
   217 | D        | Reached ** piety under Cheibriados
   217 | D        | Reached skill level 5 in Fighting
   217 | D        | Reached skill level 5 in Armour
   217 | D        | Reached skill level 5 in Invocations
   217 | D        | Gained mutation: You sometimes gain a little power by taking damage. [demonic ancestry]
   217 | D        | Reached XP level 6. HP: 32/51 MP: 6/10
   225 | D        | Reached skill level 5 in Shields
   379 | D        | Noticed an orc warrior
   379 | D        | Noticed a rime drake
   379 | D        | Noticed a troll
   379 | D        | Noticed a centaur warrior
   379 | D        | Noticed a wyvern
   382 | D        | Killed a wyvern
   382 | D        | Reached *** piety under Cheibriados
   382 | D        | Gained mutation: You are slightly more attuned to the shadows. [demonic ancestry]
   382 | D        | Reached XP level 7. HP: 49/57 MP: 10/12
   384 | D        | Reached skill level 10 in Long Blades
   384 | D        | Noticed a black mamba
   384 | D        | a rime drake changed into a black mamba
   392 | D        | Killed a black mamba
   392 | D        | Reached **** piety under Cheibriados
   392 | D        | Gained mutation: You are significantly more attuned to the shadows. [demonic ancestry]
   392 | D        | Reached XP level 8. HP: 13/65 MP: 11/14
   394 | D        | Killed a troll
   394 | D        | Shot with an arrow by a centaur warrior

Vault maps used:
D:        linesprint

Skill      XL: |  1  2  3  4  5  6  7  8 |
---------------+-------------------------+-----
Long Blades    | 4 6 9 10 | 10.5
Fighting       | 4 5 6 7 |  7.0
Armour         | 4 5 6 7 |  7.6
Dodging        | 1 2 3 |  3.9
Shields        | 3 4 5 6 |  6.6
Invocations    | 3 5 6 8 |  8.7

Action                   |  1- 3 |  4- 6 |  7- 9 || total
-------------------------+-------+-------+-------++-------
Melee: Long sword        |    40 |       |       ||    40
       Headbutt          |     3 |     8 |     2 ||    13
       Scimitar          |       |    37 |     7 ||    44
Evoke: Wand              |       |     1 |     6 ||     7
  Use: Potion            |     1 |       |     1 ||     2
 Stab: Invisible         |       |       |     1 ||     1
Armor: Scale mail        |    11 |       |       ||    11
       Chain mail        |       |    14 |       ||    14
Dodge: Dodged            |     9 |     5 |     2 ||    16
Block: Shield            |    19 |    16 |     8 ||    43
